APP
PRINCETON RAYS @ PULASKI YANKEES
09/07/2047
 
TOP OF THE 1ST
Princeton Rays batting - Pitching for Pulaski Yankees : LHP Jessie Neal
Pitching: LHP Jessie Neal
Batting: SHB Joshua Jackson 0-0: Ball
1-0: Ball
2-0: Called Strike
2-1: Ball
3-1: Fly out, F8 (Flyball, 8RD, EV 103.1 MPH)
Batting: RHB Alex Koral 0-0: Ball
1-0: Called Strike
1-1: Swinging Strike
1-2: Ground out U3 (Groundball, 34, EV 109.4 MPH)
Batting: RHB Adam Turpin 0-0: Swinging Strike
0-1: Called Strike
0-2: Ball
1-2: Ground out 1-3 (Groundball, 34S, EV 73.1 MPH)
Top of the 1st over - 0 runs, 0 hits, 0 errors, 0 left on base; Princeton 0 - Pulaski 0
BOTTOM OF THE 1ST
Pulaski Yankees batting - Pitching for Princeton Rays : RHP Tung-chi Tian
Pitching: RHP Tung-chi Tian
Batting: LHB Ernesto Abreu 0-0: Ball
1-0: Ball
2-0: Ball
3-0: Called Strike
3-1: Called Strike
3-2: Foul Ball, location: 2F
3-2: Base on Balls
Batting: LHB Steve LeGrand 0-0: Called Strike
0-1: Ball
1-1: Ball
2-1: Swinging Strike
2-2: Foul Ball, location: 2F
2-2: Strikes out swinging
Batting: RHB Jonathan Iniguez 0-0: Ball
1-0: Fly out, F9 (Flyball, 9, EV 88.8 MPH)
Batting: RHB Jesus Ruiz 0-0: Ball
1-0: Ball
2-0: Ball
3-0: Called Strike
3-1: Foul Ball, location: 2F
3-2: Base on Balls
Ernesto Abreu to second
Batting: RHB Yasuoka Tsuda 0-0: Ball
1-0: Fielders Choice at 2nd, 5-4 (Groundball, 5, EV 83.8 MPH)
Bottom of the 1st over - 0 runs, 0 hits, 0 errors, 2 left on base; Princeton 0 - Pulaski 0
TOP OF THE 2ND
Princeton Rays batting - Pitching for Pulaski Yankees : LHP Jessie Neal
Batting: RHB Jason Penfield 0-0: Foul Ball, location: 2F
0-1: Ball
1-1: SINGLE (Line Drive, 3D, EV 97.5 MPH)
Batting: RHB Alex Zamora 0-0: Called Strike
0-1: Called Strike
0-2: Strikes out swinging
Batting: RHB Roberto Aispuro 0-0: Ball
1-0: Ball
2-0: Ball
3-0: Base on Balls
Jason Penfield to second
Batting: SHB Luis Verduzco 0-0: Called Strike
0-1: Fly out, F8 (Flyball, 8LD, EV 88.8 MPH)
Batting: RHB Wan-ling Zhu 0-0: Foul Ball, location: 2F
0-1: Ball
1-1: Foul Ball, location: 2F
1-2: Foul Ball, location: 2F
1-2: Ball
2-2: Ball
3-2: Fly out, F7 (Flyball, 7LD, EV 83.1 MPH)
Top of the 2nd over - 0 runs, 1 hit, 0 errors, 2 left on base; Princeton 0 - Pulaski 0
BOTTOM OF THE 2ND
Pulaski Yankees batting - Pitching for Princeton Rays : RHP Tung-chi Tian
Batting: LHB Justin Short 0-0: Called Strike
0-1: Ball
1-1: Swinging Strike
1-2: Ball
2-2: Ball
3-2: Foul Ball, location: 2F
3-2: Foul Ball, location: 2F
3-2: Strikes out looking
Batting: LHB Carlos Palau 0-0: SINGLE (Groundball, 4MS, EV 71.2 MPH) (infield hit)
Batting: RHB Mustafa bin Gamali 0-0: Called Strike
0-1: Ball
Carlos Palau is caught stealing 2nd base 2-4
1-1: Foul Ball, location: 2F
1-2: Ball
2-2: DOUBLE (Flyball, 78D, EV 103.8 MPH)
Batting: RHB Victor Garcia 0-0: Foul Ball, location: 2F
0-1: Swinging Strike
0-2: Strikes out swinging
Bottom of the 2nd over - 0 runs, 2 hits, 0 errors, 1 left on base; Princeton 0 - Pulaski 0
TOP OF THE 3RD
Princeton Rays batting - Pitching for Pulaski Yankees : LHP Jessie Neal
Batting: RHB Bogumil Filipowski 0-0: Ground out 6-3 (Groundball, 6, EV 83.8 MPH)
Batting: SHB Joshua Jackson 0-0: Called Strike
0-1: Swinging Strike
0-2: Strikes out swinging
Batting: RHB Alex Koral 0-0: Ball
1-0: Ball
2-0: Ball
3-0: Called Strike
3-1: Swinging Strike
3-2: SINGLE (Line Drive, 89S, EV 90.0 MPH)
Batting: RHB Adam Turpin 0-0: Called Strike
0-1: Swinging Strike
0-2: Ball
1-2: Ball
2-2: SINGLE (Groundball, 56S, EV 68.1 MPH) (infield hit)
Alex Koral to second
Batting: RHB Jason Penfield 0-0: Called Strike
0-1: Ball
1-1: Swinging Strike
1-2: Strikes out looking
Top of the 3rd over - 0 runs, 2 hits, 0 errors, 2 left on base; Princeton 0 - Pulaski 0
BOTTOM OF THE 3RD
Pulaski Yankees batting - Pitching for Princeton Rays : RHP Tung-chi Tian
Batting: LHB Ernesto Abreu 0-0: Ball
1-0: Ball
2-0: Called Strike
2-1: Foul Ball, location: 2F
2-2: Ball
3-2: Foul Ball, location: 2F
3-2: Fly out, F9 (Flyball, 9, EV 73.1 MPH)
Batting: LHB Steve LeGrand 0-0: Ball
1-0: Foul Ball, location: 2F
1-1: Swinging Strike
1-2: Foul Ball, location: 2F
1-2: Ball
2-2: Foul Ball, location: 2F
2-2: Strikes out swinging
Batting: RHB Jonathan Iniguez 0-0: Called Strike
0-1: Ball
1-1: Ball
2-1: Ground out 4-3 (Groundball, 34D, EV 81.2 MPH)
Bottom of the 3rd over - 0 runs, 0 hits, 0 errors, 0 left on base; Princeton 0 - Pulaski 0
TOP OF THE 4TH
Princeton Rays batting - Pitching for Pulaski Yankees : LHP Jessie Neal
Batting: RHB Alex Zamora 0-0: Ball
1-0: Ball
2-0: Ball
3-0: Called Strike
3-1: Fly out, F9 (Line Drive, 9S, EV 85.6 MPH)
Batting: RHB Roberto Aispuro 0-0: Called Strike
0-1: Ball
1-1: Called Strike
1-2: SINGLE (Flyball, 89S, EV 99.4 MPH)
Batting: SHB Luis Verduzco 0-0: Called Strike
0-1: Swinging Strike
0-2: Strikes out swinging
Roberto Aispuro is caught stealing 2nd base 2-4
Batter strikes out.
Top of the 4th over - 0 runs, 1 hit, 0 errors, 0 left on base; Princeton 0 - Pulaski 0
BOTTOM OF THE 4TH
Pulaski Yankees batting - Pitching for Princeton Rays : RHP Tung-chi Tian
Batting: RHB Jesus Ruiz 0-0: Ball
1-0: Ball
2-0: Fly out, F8 (Flyball, 8RM, EV 91.2 MPH)
Batting: RHB Yasuoka Tsuda 0-0: Ball
1-0: Foul Ball, location: 2F
1-1: Foul Ball, location: 2F
1-2: Ball
2-2: Strikes out swinging
Batting: LHB Justin Short 0-0: Called Strike
0-1: Called Strike
0-2: Ball
1-2: Ground out 4-3 (Groundball, 4, EV 88.8 MPH)
Bottom of the 4th over - 0 runs, 0 hits, 0 errors, 0 left on base; Princeton 0 - Pulaski 0
TOP OF THE 5TH
Princeton Rays batting - Pitching for Pulaski Yankees : LHP Jessie Neal
Batting: RHB Wan-ling Zhu 0-0: Ball
1-0: Ball
2-0: Ball
3-0: Called Strike
3-1: Called Strike
3-2: Base on Balls
Batting: RHB Bogumil Filipowski 0-0: Foul Ball, location: 2F
0-1: Reached on error, E6 (Groundball, 6, EV 96.2 MPH)
Wan-ling Zhu to second
Batting: SHB Joshua Jackson 0-0: Ball
1-0: Called Strike
1-1: Swinging Strike
1-2: Foul Ball, location: 2F
1-2: Foul Ball, location: 2F
1-2: Foul Ball, location: 2F
1-2: Strikes out swinging
Pitching: RHP Matt Elliott
Pinch Hitting: LHB Dave Northam 0-0: Ball
1-0: Ball
2-0: Ball
3-0: Called Strike
3-1: SINGLE (Line Drive, 34D, EV 106.2 MPH)
Wan-ling Zhu to third
Bogumil Filipowski to second
Batting: RHB Adam Turpin 0-0: Foul Ball, location: 2F
0-1: Called Strike
0-2: Ball
1-2: Ball
2-2: SINGLE (Groundball, 6M, EV 96.2 MPH)
Wan-ling Zhu scores
Bogumil Filipowski to third
Dave Northam to second
Runner from 3rd tries for Home, SAFE, throw by CF to home
Batting: RHB Jason Penfield 0-0: Foul Ball, location: 2F
0-1: Ball
1-1: Foul Ball, location: 2F
1-2: Foul Ball, location: 2F
1-2: Strikes out swinging
Batting: RHB Alex Zamora 0-0: Swinging Strike
0-1: SINGLE (Line Drive, 7S, EV 108.8 MPH)
Dave Northam to third
Adam Turpin to second
Runner from 3rd tries for Home, SAFE, throw by LF to home
Batting: RHB Roberto Aispuro 0-0: Ball
1-0: Ball
Wild Pitch!
Adam Turpin to third
Alex Zamora to second
2-0: Ball
3-0: Base on Balls
Batting: SHB Luis Verduzco 0-0: Called Strike
0-1: Foul Ball, location: 2F
0-2: Strikes out swinging
Top of the 5th over - 3 runs, 3 hits, 1 error, 3 left on base; Princeton 3 - Pulaski 0
BOTTOM OF THE 5TH
Pulaski Yankees batting - Pitching for Princeton Rays : RHP Tung-chi Tian
Now at 2B: Jim Erdody
Batting: LHB Carlos Palau 0-0: Ball
1-0: Foul Ball, location: 2F
1-1: Called Strike
1-2: Fly out, F7 (Flyball, 7LSF, EV 91.2 MPH)
Batting: RHB Mustafa bin Gamali 0-0: Ball
1-0: Foul Ball, location: 2F
1-1: Foul Ball, location: 2F
1-2: Foul Ball, location: 2F
1-2: Strikes out looking
Batting: RHB Victor Garcia 0-0: Ground out 4-3 (Groundball, 4M, EV 90.6 MPH)
Bottom of the 5th over - 0 runs, 0 hits, 0 errors, 0 left on base; Princeton 3 - Pulaski 0
TOP OF THE 6TH
Princeton Rays batting - Pitching for Pulaski Yankees : RHP Matt Elliott
Batting: RHB Wan-ling Zhu 0-0: Ball
1-0: Foul Ball, location: 2F
1-1: Swinging Strike
1-2: Strikes out looking
Batting: RHB Bogumil Filipowski 0-0: Ball
1-0: Called Strike
1-1: Swinging Strike
1-2: Strikes out swinging
Pitching: RHP Manny de la Cruz
Batting: SHB Joshua Jackson 0-0: Ball
1-0: Foul Ball, location: 2F
1-1: Ball
2-1: Swinging Strike
2-2: Ground out 3-1 (Groundball, 13, EV 81.2 MPH)
Top of the 6th over - 0 runs, 0 hits, 0 errors, 0 left on base; Princeton 3 - Pulaski 0
BOTTOM OF THE 6TH
Pulaski Yankees batting - Pitching for Princeton Rays : RHP Tung-chi Tian
Batting: LHB Ernesto Abreu 0-0: Fly out, F8 (Flyball, 8LS, EV 94.4 MPH)
Batting: LHB Steve LeGrand 0-0: Ball
1-0: Ball
2-0: Called Strike
2-1: Foul Ball, location: 2F
2-2: Ground out 6-3 (Groundball, 6, EV 101.2 MPH)
Batting: RHB Jonathan Iniguez 0-0: Ball
1-0: Swinging Strike
1-1: Fly out, F8 (Flyball, 78XD, EV 101.9 MPH)
Bottom of the 6th over - 0 runs, 0 hits, 0 errors, 0 left on base; Princeton 3 - Pulaski 0
TOP OF THE 7TH
Princeton Rays batting - Pitching for Pulaski Yankees : RHP Manny de la Cruz
Batting: RHB Jim Erdody 0-0: Called Strike
0-1: Foul Ball, location: 2F
0-2: Fly out, F9 (Flyball, 89M, EV 73.8 MPH)
Batting: RHB Adam Turpin 0-0: Ball
1-0: Called Strike
1-1: Foul Ball, location: 2F
1-2: Ground out 6-3 (Groundball, 56D, EV 83.1 MPH)
Batting: RHB Jason Penfield 0-0: Called Strike
0-1: Foul Ball, location: 2F
0-2: Ball
1-2: Strikes out swinging
Top of the 7th over - 0 runs, 0 hits, 0 errors, 0 left on base; Princeton 3 - Pulaski 0
BOTTOM OF THE 7TH
Pulaski Yankees batting - Pitching for Princeton Rays : RHP Tung-chi Tian
Batting: RHB Jesus Ruiz 0-0: Swinging Strike
0-1: Foul Ball, location: 2F
0-2: Ball
1-2: Foul Ball, location: 2F
1-2: Strikes out looking
Batting: RHB Yasuoka Tsuda 0-0: Called Strike
0-1: Foul Ball, location: 2F
0-2: Strikes out swinging
Batting: LHB Justin Short 0-0: Foul Ball, location: 2F
0-1: Ball
1-1: Foul Ball, location: 2F
1-2: Strikes out swinging
Bottom of the 7th over - 0 runs, 0 hits, 0 errors, 0 left on base; Princeton 3 - Pulaski 0
TOP OF THE 8TH
Princeton Rays batting - Pitching for Pulaski Yankees : RHP Manny de la Cruz
Batting: RHB Alex Zamora 0-0: Ground out 6-3 (Groundball, 56, EV 101.2 MPH)
Batting: RHB Roberto Aispuro 0-0: Called Strike
0-1: Fly out, F3 (Popup, 23F, EV 77.5 MPH)
Pitching: LHP Loo Lei
Batting: SHB Luis Verduzco 0-0: Fly out, F4 (Popup, 4M, EV 76.2 MPH)
Top of the 8th over - 0 runs, 0 hits, 0 errors, 0 left on base; Princeton 3 - Pulaski 0
BOTTOM OF THE 8TH
Pulaski Yankees batting - Pitching for Princeton Rays : RHP Tung-chi Tian
Now in LF: Sean Boenig
Now in CF: Roberto Aispuro
Now in RF: Luis Verduzco
Batting: LHB Carlos Palau 0-0: SOLO HOME RUN (Flyball, 89XD, EV 99.4 MPH), Distance : 410 ft
Batting: RHB Mustafa bin Gamali 0-0: Ball
1-0: Ball
2-0: Called Strike
2-1: Swinging Strike
2-2: Ball
3-2: Strikes out swinging
Pitching: RHP Marc Furr
Batting: RHB Victor Garcia 0-0: Ball
1-0: Ground out 4-3 (Groundball, 34, EV 109.4 MPH)
Batting: LHB Ernesto Abreu 0-0: Swinging Strike
0-1: Foul Ball, location: 2F
0-2: Ball
1-2: Fly out, F7 (Flyball, 7LS, EV 91.2 MPH)
Bottom of the 8th over - 1 run, 1 hit, 0 errors, 0 left on base; Princeton 3 - Pulaski 1
TOP OF THE 9TH
Princeton Rays batting - Pitching for Pulaski Yankees : LHP Loo Lei
Batting: RHB Wan-ling Zhu 0-0: Ball
1-0: Ball
2-0: Ball
3-0: Base on Balls
Batting: RHB Bogumil Filipowski 0-0: Sac Bunt to 15S - play at first, batter OUT! 1-3
Wan-ling Zhu to second
Batting: SHB Joshua Jackson 0-0: Intentional Walk
Batting: RHB Jim Erdody 0-0: Called Strike
0-1: Fielders Choice at 2nd, 6-4 (Groundball, 56, EV 90.6 MPH)
Wan-ling Zhu to third
Batting: LHB Sean Boenig 0-0: Ball
1-0: Called Strike
1-1: Foul Ball, location: 2F
1-2: Strikes out swinging
Top of the 9th over - 0 runs, 0 hits, 0 errors, 2 left on base; Princeton 3 - Pulaski 1
BOTTOM OF THE 9TH
Pulaski Yankees batting - Pitching for Princeton Rays : RHP Marc Furr
Pitching: RHP Mike Balm
Batting: LHB Steve LeGrand 0-0: Ball
1-0: Foul Ball, location: 2F
1-1: Foul Ball, location: 2F
1-2: Fly out, F8 (Flyball, 78M, EV 85.6 MPH)
Batting: RHB Jonathan Iniguez 0-0: Called Strike
0-1: Ball
1-1: Swinging Strike
1-2: Fly out, F9 (Flyball, 89D, EV 95.0 MPH)
Batting: RHB Jesus Ruiz 0-0: Foul Ball, location: 2F
0-1: Swinging Strike
0-2: Ball
1-2: Ball
2-2: Strikes out swinging
Bottom of the 9th over - 0 runs, 0 hits, 0 errors, 0 left on base; Princeton 3 - Pulaski 1
Thursday, December 15th , 2022 - OOTP Baseball 23.9 Build 102